 Dungeon Crawl Stone Soup version 0.32-a0-120-gfac0567ad4 (webtiles) character file.

Game seed: 15859804943057612300

10 zenocrate the Sneak (level 2, -1/24 HPs)
             Began as a Demonspawn Delver on Feb 6, 2024.
             Killed from afar by Natasha (6 damage)
             ... with a puff of flame
             ... on level 3 of the Dungeon.
             The game lasted 00:00:17 (332 turns).

zenocrate the Sneak (Demonspawn Delver)              Turns: 332, Time: 00:00:18

Health: -1/24      AC:  3    Str: 12    XL:     2   Next: 10%
Magic:  2/2        EV: 11    Int: 10    God:
Gold:   23         SH:  4    Dex: 14    Spells: 1/1 levels left

rFire   . .          .
                       - Unarmed
rCold   . . .        (no shield)
rNeg    . . .        a - +0 leather armour
rPois   .            (no helmet)
rElec   .            (no cloak)
rCorr   .            (no gloves)
SInv    .            (no boots)
Will    .....        (no amulet)
Stlth   ++           (no ring)
HPRegen 0.24/turn    (no ring)
MPRegen 0.08/turn

%: no passive effects
@: no status effects
A: large bone plates 1
a: no special abilities


You were on level 3 of the Dungeon.
You visited 1 branch of the dungeon, and saw 3 of its levels.

You collected 23 gold pieces.

Inventory:

Armour
 a - a +0 leather armour (worn)
Wands
 f - a wand of digging (4)
Scrolls
 b - a scroll of fog
 c - a scroll of revelation
 d - 2 scrolls of fear
 g - a scroll of teleportation {unknown}
 h - a scroll of amnesia {unknown}
 i - a scroll of noise {unknown}
 j - a scroll of identify {unknown}
Potions
 e - a potion of haste


   Skills:
 - Level 3.0 Fighting
 - Level 1.7 Dodging
 - Level 4.5 Stealth
 + Level 2.5 Unarmed Combat


You had one spell level left.
You didn't know any spells.
Your spell library was empty.

Dungeon Overview and Level Annotations

Branches:
Dungeon (5/15)
 Temple: D:4-7

Altars:

Annotations:
D:3 Natasha


Innate Abilities, Weirdness & Mutations

You are partially covered in large bone plates. (SH +4)


Message History

You feel sick.
You feel sick.
You are no longer poisoned.
HP restored.
Natasha, Servant of Life and Death comes into view.
She is carrying a wand of flame.
Natasha hisses angrily.
Natasha wildly gestures.
Natasha shimmers violently.
You hit Natasha but do no damage.
Natasha stares at you and mumbles some strange words.
You resist with significant effort.
Natasha is nearby!
You hit Natasha.
Natasha is moderately wounded.
You block Natasha's attack.
Natasha is nearby!
Natasha is nearby!
You barely miss Natasha.
Natasha is moderately wounded.
Natasha mewls in sadness.
Natasha claws you but does no damage.
You barely miss Natasha.
Natasha is moderately wounded.
Natasha claws you!
You completely miss Natasha.
Natasha is moderately wounded.
You block Natasha's attack.
You hit Natasha but do no damage.
Natasha is moderately wounded.
Natasha claws you.
You hit Natasha.
Natasha is moderately wounded.
Natasha claws you!
* * * LOW HITPOINT WARNING * * *
You are too injured to fight recklessly!
You closely miss Natasha.
Natasha is moderately wounded.
Natasha zaps a wand.
The puff of flame hits you.
You die...
Natasha curls up and begins to purr.

.# ########## .# #
#........# .# #
#........# .# #
#........# .# #
#........# .#
####....†...#####h######
)..'............@.......
####........#####.######
# #........# ... #
#........# ####
#........# ########## #


You could see Natasha.

Vanquished Creatures
  An adder (D:3)
  A ball python (D:4)
2 creatures vanquished.

Notes
Turn   | Place    | Note
-------+----------+-------------------------------------------
     0 | D:5      | zenocrate the Demonspawn Delver began the quest for the
                  | Orb.
     0 | D:5      | Reached XP level 1. HP: 18/18 MP: 1/1
   156 | D:4      | Noticed a sleepcap
   236 | D:3      | Gained mutation: You are partially covered in large bone
                  | plates. (SH +4) [demonic ancestry]
   236 | D:3      | Reached XP level 2. HP: 7/24 MP: 2/2
   324 | D:3      | Noticed Natasha
   332 | D:3      | Killed from afar by Natasha

Illustrated notes

Levels and vault maps discovered:
D:3:      layout_basic, minmay_fountain_box, item_on_display_a, uniq_grinder,
          uniq_natasha
D:4:      layout_cave_pools, minmay_temple_entry_mini_moons
D:5:      layout_layer_cave, serial_library_regret_index_small_wings

Skill      XL: |  1 |
---------------+----+-----
Unarmed Combat | 2 |  2.5
Fighting       | |  3.0
Dodging        | |  1.7
Stealth        | |  4.5

Action                     || total
---------------------------++-------
  Melee: Unarmed           ||    25
   Stab: Sleeping          ||     1
 Armour: Leather armour    ||    12
  Dodge: Dodged            ||    13
  Block: Other             ||     2

Table legend: (Time is in decaauts)
 A = Elapsed time spent in this place.
 B = Non-inter-level travel time spent in this place.
 C = Inter-level travel time spent in this place.
 D = Time resting spent in this place.
 E = Time spent auto-exploring this place.
 F = Levels seen in this place.
 G = Mean time per level.
                   A        B        C        D        E       F      G
               +--------+--------+--------+--------+--------+-----+--------+
         Total |    330 |    319 |     11 |      0 |    259 |   3 |  110.0 |
       Dungeon |    330 |    319 |     11 |      0 |    259 |   3 |  110.0 |
               +--------+--------+--------+--------+--------+-----+--------+

Top non-repeatable levels by time:
     D:3: 171 daAuts
     D:5: 120 daAuts
     D:4: 38 daAuts
